 Dungeon Crawl Stone Soup version 0.31.0-32-g396128a36d (webtiles) character file.

Game seed: 12893398044590117011

74 James the Shield-Bearer (level 4, -5/37 HPs)
             Began as a Formicid Fighter on Mar 15, 2024.
             Killed from afar by Natasha (6 damage)
             ... with a magic dart
             ... on level 2 of the Dungeon.
             The game lasted 00:03:47 (1054 turns).

James the Shield-Bearer (Formicid Fighter)          Turns: 1054, Time: 00:03:48

Health: -5/37      AC:  7    Str: 21    XL:     4   Next: 54%
Magic:  4/4        EV:  9    Int:  7    God:
Gold:   31         SH:  5    Dex: 15    Spells: 3/3 levels left

rFire   . . .        a - +0 trident
rCold   . . .        c - +0 buckler
rNeg    . . .        b - +0 scale mail
rPois   .            (helmet unavailable)
rElec   .            (no cloak)
rCorr   .            (no gloves)
SInv    +            (no boots)
Will    .....        (no amulet) Stlth
                     (no ring)
HPRegen 0.26/turn    (no ring)
MPRegen 0.09/turn

%: no passive effects
@: no status effects
A: permanent stasis, dig shafts and tunnels, antennae 3, four strong arms
a: Dig, Shaft Self


You were on level 2 of the Dungeon.
You visited 1 branch of the dungeon, and saw 2 of its levels.

You collected 31 gold pieces.

Inventory:

Hand Weapons
 a - a +0 trident (weapon)
Missiles
 o - 4 boomerangs
Armour
 b - a +0 scale mail (worn)
 c - a +0 buckler (worn)
 i - a +0 leather armour
   (You found it on level 1 of the Dungeon)
 n - a +0 robe
   (You found it on level 2 of the Dungeon)
Scrolls
 e - a scroll of amnesia {unknown}
 l - a scroll of immolation {unknown}
 m - a scroll of identify {unknown}
 p - a scroll of acquirement {unknown}
Potions
 d - a potion of might
 f - 4 potions of curing {unknown}
 g - a potion of brilliance {unknown}
 h - a potion of degeneration {unknown}
 j - a potion of berserk rage {unknown}
 k - 3 potions of enlightenment {unknown}


   Skills:
 + Level 3.9 Fighting
 - Level 2.0 Polearms
 * Level 4.6 Armour
 + Level 4.7 Shields


You had 3 spell levels left.
You didn't know any spells.
Your spell library was empty.

Dungeon Overview and Level Annotations

Branches:
Dungeon (2/15)

Altars:

Annotations:
D:2 Natasha


Innate Abilities, Weirdness & Mutations

You cannot be hasted, slowed, berserked, paralysed or teleported.
You can dig through walls and to a lower floor.
You have a pair of large antennae on your head. (SInv)
Your four strong arms can wield two-handed weapons with a shield.


Message History

You reach to attack!
You closely miss Natasha.
The cerulean imp hits you from afar with a +1 spear.
Natasha claws you.
You barely miss Natasha. The cerulean imp barely misses you.
Natasha claws you but does no damage.
You hit Natasha but do no damage. The cerulean imp barely misses you.
Natasha wildly gestures.
Natasha's front paws start to glow.
Natasha stares at you and mumbles some strange words.
The magic dart hits you but does no damage.
The cerulean imp hits you but does no damage.
You closely miss Natasha.
Natasha mumbles some strange words.
The cerulean imp barely misses you. Natasha barely misses you.
You puncture Natasha!
The cerulean imp hits you from afar with a +1 spear.
You block Natasha's attack.
The cerulean imp hits you but does no damage.
You closely miss Natasha. The cerulean imp barely misses you.
You block Natasha's attack. The cerulean imp closely misses you.
You barely miss Natasha.
The cerulean imp hits you from afar with a +1 spear.
* * * LOW HITPOINT WARNING * * *
Natasha claws you but does no damage. The cerulean imp barely misses you. x2
You puncture Natasha!
You kill Natasha!
Natasha yowls pathetically as she dies!
The cerulean imp disappears in a puff of smoke! x2
You see here the felid corpse of Natasha.
You start resting.
You sense a monster nearby.
Natasha, Servant of Life and Death comes into view.
She is carrying a wand of flame.
Natasha hisses angrily.
Natasha casts a spell at you. You resist with some effort.
Natasha casts a spell at you.
Your stasis prevents you from being slowed.
You hit Natasha. Natasha claws you but does no damage.
You puncture Natasha! Natasha claws you!
* * * LOW HITPOINT WARNING * * *
You hit Natasha. Natasha claws you!
* * * LOW HITPOINT WARNING * * *
Natasha casts a spell at you. The magic dart hits you.
* * * LOW HITPOINT WARNING * * *
You barely miss Natasha.
Natasha stares at you and mumbles some strange words.
The magic dart hits you.
You die...
Natasha begins licking her fur clean.

#.:.............#.##
######.########.#<###
#.# #.....# #$##
###.#..## #†.#
###.##... #..# #...#
#. #..## #.#.## ##
#...# ##.#..####
#@#....##..##.##..
#h####.##.###.#..#
#.. #.##.###....#
###.##.##......#.#
........#####.#
..##..###.....#
#..####.....####.
.......<.###.....
.#.##..#..##.####


You could see Natasha.

Vanquished Creatures
  Natasha (D:2)
  2 adders (D:2)
  A dart slug (D:1)
  5 ball pythons
  3 endoplasms
  2 goblins
  5 hobgoblins (D:1)
  4 kobolds
  3 bats (D:2)
  4 frilled lizards
  2 rats (D:1)
32 creatures vanquished.

Notes
Turn   | Place    | Note
-------+----------+-------------------------------------------
     0 | D:1      | James the Formicid Fighter began the quest for the Orb.
     0 | D:1      | Reached XP level 1. HP: 18/18 MP: 1/1
   101 | D:1      | Found a faded altar of an unknown god.
   125 | D:1      | Reached XP level 2. HP: 24/24 MP: 2/2
   698 | D:1      | Reached XP level 3. HP: 28/29 MP: 3/3
   903 | D:2      | Reached XP level 4. HP: 37/37 MP: 4/4
  1026 | D:2      | Noticed Natasha
  1038 | D:2      | Killed Natasha
  1048 | D:2      | Noticed Natasha
  1053 | D:2      | HP: 1/37 [Natasha/magic dart (3)]
  1054 | D:2      | Killed from afar by Natasha

Illustrated notes

Levels and vault maps discovered:
D:1:      sevenhm_arrival_forest_fort_large_2, layout_basic,
          basic_ecumenical_altar
D:2:      layout_rooms, uniq_natasha

Skill      XL: |  1  2  3 |
---------------+----------+-----
Armour         | 4 |  4.6
Fighting       | |  3.9
Polearms       | |  2.0
Shields        | |  4.7

Action                     |  1- 3 |  4- 6 || total
---------------------------+-------+-------++-------
  Melee: Trident           |    89 |    18 ||   107
 Armour: Scale mail        |    30 |    17 ||    47
  Dodge: Dodged            |    36 |     9 ||    45
  Block: Buckler           |     9 |     4 ||    13
